Map: Rhoskallian LE

Players

GoOse - Winner!

  • Race: Terran Terran
  • League: Diamond
  • Spawn Location: 6:00

Moscovitz - Winner!

  • Race: Protoss Protoss
  • League: Diamond
  • Spawn Location: 5:00

qqq

  • Race: Protoss Protoss
  • Spawn Location: 11:00

Massa

  • Race: Terran Terran
  • League: Platinum
  • Spawn Location: 12:00

VOD

Have the link to the VOD?

Description

Time

  • Played on: Nov. 14, 2020, 9:40 a.m.
  • Length: 14:44
Show
View Real Time Build Order
Export as new Build Order

GoOse Terran - Winner!

Build Orders: Reaper Expand, Mech 

Get SALT Encoding   

  12  0:00  SCV  
  13  0:12  SCV  
  14  0:18  Supply Depot  
  14  0:24  SCV  
  15  0:39  SCV  
  15  0:40  Barracks  
  16  0:44  Refinery  
  16  0:51  SCV  
  17  1:04  SCV  
  18  1:17  SCV  
  19  1:29  Reaper  
  19  1:30  Orbital Command  
  20  1:55  Command Center  
  20  1:58  SCV  
  20  2:01  Marine  
  21  2:02  Supply Depot  
  22  2:12  SCV  
  23  2:19  Factory  
  23  2:20  Refinery  
  23  2:26  Barracks Reactor  
  23  2:27  SCV  
  24  2:40  SCV  
  25  2:57  SCV  
  26  3:05  Starport  
  26  3:12  SCV, Supply Depot  
  27  3:15  Marine  
  27  3:16  Hellion x2  
  32  3:24  SCV  
  33  3:33  Marine  
  34  3:36  SCV  
  34  3:37  Hellion  
  34  3:38  Hellion  
  39  3:43  Medivac  
  39  3:48  Orbital Command  
  41  3:51  Marine  
  42  3:57  Supply Depot  
  42  4:06  SCV, Supply Depot  
  43  4:13  Factory Tech Lab  
  43  4:19  SCV  
  44  4:31  SCV  
  45  4:37  Siege Tank  
  48  4:40  SCV  
  48  4:43  SCV  
  49  5:12  SCV x2  
  49  5:19  Siege Tank  
  50  5:24  Refinery  
  50  5:25  Refinery, Command Center  
  50  5:30  Barracks Tech Lab  
  50  5:31  Starport Tech Lab  
  50  5:33  Supply Depot  
  50  5:36  SCV x2, Factory x2  
  50  5:37  Engineering Bay  
  50  5:42  Supply Depot  
  52  5:48  SCV x2  
  47  6:05  SCV x2  
  49  6:17  SCV  
  49  6:18  SCV  
  51  6:30  SCV x2  
  51  6:31  Siege Tank  
  56  6:41  Orbital Command  
  56  6:42  SCV x2  
  56  6:44  Supply Depot  
  56  6:45  Barracks Reactor  
  58  6:48  Supply Depot  
  58  6:54  SCV x2  
  60  6:56  Siege Tank  
  63  7:06  SCV x2  
  63  7:07  SCV  
  66  7:12  Sensor Tower  
  66  7:15  Siege Tank  
  69  7:16  Supply Depot  
  69  7:18  SCV x2  
  69  7:19  SCV  
  72  7:28  Armory  
  72  7:30  SCV  
  72  7:33  Armory  
  73  7:40  Siege Tank x2  
  79  7:45  SCV x2  
  81  7:55  Orbital Command  
  81  7:56  Viking x2  
  83  8:09  Siege Tank  
  87  8:20  SCV x3, Factory  
  87  8:21  Terran Vehicle And Ship Armor Level 1, Terran Vehicle Weapons Level 1  
  87  8:22  Factory  
  87  8:25  Supply Depot  
  89  8:28  Viking x2, Supply Depot  
  93  8:40  SCV x3  
  96  8:42  Siege Tank  
  96  8:47  Refinery  
  99  8:49  Refinery  
  99  8:52  SCV x3  
  102  9:00  Supply Depot  
  102  9:04  SCV x3  
  102  9:07  Factory Tech Lab  
  102  9:09  Hellion x2  
  108  9:25  Thor  
  108  9:28  Thor  
  120  9:39  SCV x3  
  123  9:45  Sensor Tower  
  123  10:04  Siege Tank  
  123  10:05  Thor  
  130  10:07  Hellion x2  
  130  10:08  Viking x2, Thor  
  140  10:26  Command Center, Thor  
  146  10:37  Supply Depot  
  146  10:38  Supply Depot  
  146  10:39  Supply Depot x2  
  146  10:43  Supply Depot  
  146  10:44  Supply Depot  
  146  10:54  Command Center  
  146  11:00  Widow Mine, Supply Depot  
  146  11:01  Widow Mine, Supply Depot x3  
  146  11:03  Supply Depot x2  
  156  11:07  Terran Vehicle And Ship Armor Level 2  
  156  11:10  Terran Vehicle Weapons Level 2  
  156  11:29  Widow Mine x2  
  156  11:30  Thor x2  
  166  11:35  SCV x3  
  170  11:47  SCV  
  170  11:53  Orbital Command  
  170  11:58  Viking x2  
  170  12:00  Siege Tank x2  
  180  12:15  Refinery  
  180  12:17  Refinery  
  180  12:26  Smart Servos  
  180  12:27  Infernal Pre-Igniter  
  157  13:14  Siege Tank x4  
  169  13:22  Planetary Fortress  
  151  13:43  Viking x2  
  151  13:46  Siege Tank x4  
  117  13:48  Orbital Command  
  160  14:00  Hellion x2  
  164  14:10  Command Center  
  164  14:13  Viking  
Show
View Real Time Build Order
Export as new Build Order

Moscovitz Protoss - Winner!

Build Orders: Phoenix Opening, Carriers 

Get SALT Encoding   

  12  0:00  Probe  
  13  0:12  Probe  
  14  0:18  Pylon  
  14  0:24  Probe  
  15  0:37  Gateway  
  15  0:40  Probe (Chrono Boost)  
  16  0:49  Probe (Chrono Boost)  
  17  0:52  Assimilator  
  17  0:58  Probe  
  18  1:10  Probe  
  19  1:22  Probe  
  20  1:28  Cybernetics Core  
  21  1:45  Pylon  
  20  2:14  Assimilator  
  19  2:16  Nexus  
  19  2:18  Assimilator  
  19  2:23  Stargate, Assimilator  
  19  2:28  Probe  
  20  2:40  Probe (Chrono Boost)  
  21  2:50  Probe (Chrono Boost)  
  22  2:53  Pylon  
  22  2:55  Probe (Chrono Boost)  
  23  3:05  Phoenix (Chrono Boost)  
  23  3:06  Probe  
  26  3:18  Probe  
  27  3:24  Phoenix  
  29  3:31  Probe (Chrono Boost)  
  29  3:32  Probe (Chrono Boost)  
  31  3:37  Warp Gate  
  31  3:43  Probe (Chrono Boost)  
  31  3:44  Probe (Chrono Boost)  
  33  3:49  Phoenix  
  33  3:50  Probe x2 (Chrono Boost)  
  37  3:57  Probe  
  37  4:01  Stargate  
  38  4:06  Probe  
  38  4:09  Probe  
  40  4:18  Probe  
  40  4:22  Probe  
  42  4:28  Phoenix (Chrono Boost)  
  42  4:30  Probe  
  45  4:34  Probe  
  46  4:42  Probe  
  49  4:46  Probe  
  49  4:47  Phoenix (Chrono Boost)  
  50  4:54  Probe  
  50  4:58  Probe  
  52  5:06  Probe  
  53  5:10  Probe  
  54  5:16  Pylon  
  54  5:17  Pylon  
  54  5:26  Fleet Beacon  
  54  5:29  Protoss Air Weapons Level 1 (Chrono Boost)  
  54  5:34  Probe x2  
  54  5:35  Nexus  
  58  5:38  Pylon  
  58  5:40  Phoenix (Chrono Boost)  
  58  5:42  Phoenix (Chrono Boost)  
  60  6:13  Probe x2  
  62  6:19  Forge  
  62  6:25  Probe  
  63  6:26  Carrier x2  
  63  6:28  Anion Pulse-Crystals (Chrono Boost)  
  63  6:31  Assimilator  
  75  6:35  Assimilator  
  75  6:38  Pylon  
  75  6:41  Pylon  
  75  6:46  Probe x2  
  77  6:48  Probe  
  78  6:58  Probe x2  
  78  7:00  Probe  
  81  7:04  Photon Cannon  
  81  7:07  Photon Cannon  
  81  7:10  Probe  
  81  7:12  Photon Cannon  
  82  7:15  Photon Cannon  
  82  7:19  Photon Cannon  
  78  7:28  Carrier x2 (Chrono Boost)  
  84  7:40  Stargate  
  84  7:41  Stargate  
  84  7:43  Stargate  
  82  8:18  Probe  
  82  8:19  Probe x2, Carrier (Chrono Boost)  
  91  8:27  Pylon  
  91  8:28  Pylon  
  91  8:30  Photon Cannon  
  91  8:31  Probe x3  
  91  8:33  Photon Cannon  
  94  8:36  Tempest  
  94  8:38  Pylon x2  
  94  8:40  Tempest  
  104  8:43  Probe x3  
  107  8:51  Carrier (Chrono Boost)  
  107  8:55  Probe x2  
  115  8:57  Probe  
  116  9:07  Probe  
  117  9:13  Zealot  
  119  9:23  Tempest (Chrono Boost)  
  136  9:32  Carrier x2 (Chrono Boost)  
  136  9:36  Tempest (Chrono Boost)  
  141  9:50  Nexus  
  141  9:54  Pylon  
  141  9:56  Pylon  
  141  10:11  Tempest  
  146  10:15  Carrier  
  146  10:20  Probe  
  153  10:22  Pylon  
  153  10:24  Pylon  
  153  10:29  Photon Cannon  
  153  10:31  Photon Cannon  
  153  10:33  Pylon  
  153  10:34  Photon Cannon  
  153  10:36  Photon Cannon  
  153  10:38  Assimilator  
  153  10:42  Assimilator  
  153  10:43  Carrier x2  
  165  11:04  Photon Cannon  
  165  11:06  Photon Cannon  
  165  11:23  Tempest x2  
  165  11:24  Carrier  
  181  11:45  Protoss Shields Level 1 (Chrono Boost)  
  181  11:47  Cybernetics Core  
  181  11:53  Protoss Air Weapons Level 2 (Chrono Boost)  
  181  12:08  Tempest x2  
  181  12:09  Tempest  
  149  13:24  Probe x2  
  149  13:25  Probe  
  139  13:27  Unknown  
  139  13:36  Probe  
  138  13:43  Carrier (Chrono Boost)  
  138  13:44  Carrier (Chrono Boost)  
  157  14:07  Nexus  
  157  14:11  Pylon  
  157  14:14  Pylon  
  157  14:16  Pylon  
  157  14:21  Pylon  
  163  14:31  Nexus  
Show
View Real Time Build Order
Export as new Build Order

qqq Protoss 

Build Orders: Phoenix Opening, Carriers 

Get SALT Encoding   

  13  0:07  Probe  
  13  0:19  Probe  
  14  0:31  Probe  
  14  0:32  Pylon  
  14  0:34  Pylon  
  15  0:50  Probe (Chrono Boost)  
  16  1:01  Probe (Chrono Boost)  
  17  1:06  Probe (Chrono Boost)  
  18  1:14  Gateway  
  18  1:17  Probe  
  19  1:29  Probe  
  20  1:41  Nexus  
  20  1:45  Probe  
  21  1:49  Assimilator  
  21  1:53  Assimilator  
  21  1:57  Probe  
  21  2:11  Cybernetics Core  
  21  2:33  Probe (Chrono Boost)  
  23  2:44  Probe (Chrono Boost)  
  23  2:48  Probe (Chrono Boost)  
  24  2:53  Stargate  
  24  2:55  Probe  
  25  2:59  Probe  
  26  3:09  Probe (Chrono Boost)  
  26  3:10  Stalker  
  26  3:11  Probe (Chrono Boost)  
  30  3:16  Assimilator  
  31  3:21  Probe (Chrono Boost), Assimilator  
  31  3:23  Probe (Chrono Boost)  
  32  3:27  Probe (Chrono Boost)  
  32  3:28  Probe (Chrono Boost)  
  32  3:31  Stargate  
  34  3:38  Probe (Chrono Boost)  
  34  3:40  Probe (Chrono Boost)  
  36  3:46  Phoenix  
  36  3:47  Probe x2 (Chrono Boost)  
  40  3:58  Probe x2  
  42  4:10  Probe x2  
  42  4:11  Phoenix  
  42  4:12  Pylon  
  46  4:23  Pylon  
  46  4:30  Probe  
  47  4:36  Phoenix (Chrono Boost)  
  51  4:42  Phoenix (Chrono Boost)  
  51  4:46  Probe x2  
  53  4:57  Fleet Beacon  
  53  4:58  Probe x2, Phoenix (Chrono Boost)  
  57  5:01  Forge  
  57  5:14  Phoenix  
  59  5:33  Phoenix  
  61  6:02  Pylon  
  61  6:04  Stargate x2  
  61  6:13  Pylon  
  61  6:15  Nexus  
  61  6:16  Pylon  
  61  6:20  Carrier, Phoenix, Pylon  
  69  6:33  Protoss Air Weapons Level 1 (Chrono Boost)  
  69  6:37  Pylon  
  69  6:39  Pylon  
  69  6:41  Pylon  
  69  6:45  Carrier  
  75  6:52  Photon Cannon  
  75  6:56  Photon Cannon  
  75  6:59  Photon Cannon  
  75  7:04  Photon Cannon  
  75  7:05  Carrier  
  81  7:15  Photon Cannon  
  81  7:19  Shield Battery  
  77  7:35  Carrier  
  81  7:38  Probe  
  82  7:50  Probe  
  83  8:02  Tempest x2  
  83  8:03  Probe  
  92  8:09  Tempest  
  97  8:15  Probe  
  98  8:23  Nexus  
  99  8:27  Probe  
  99  8:37  Photon Cannon  
  99  8:39  Probe, Pylon  
  100  8:43  Carrier  
  106  8:51  Probe  
  107  9:01  Carrier  
  113  9:03  Probe  
  114  9:15  Probe, Tempest  
  120  9:27  Probe  
  120  9:30  Tempest  
  126  9:35  Probe  
  127  9:38  Assimilator  
  127  9:39  Probe  
  127  9:42  Assimilator  
  128  9:48  Probe  
  128  9:51  Tempest, Probe  
  135  10:00  Probe, Robotics Facility  
  135  10:02  Assimilator  
  135  10:03  Probe  
  137  10:07  Assimilator  
  137  10:09  Tempest  
  137  10:12  Probe  
  143  10:16  Probe, Nexus  
  144  10:24  Probe  
  144  10:28  Probe  
  145  10:36  Probe  
  145  10:40  Probe  
  155  10:50  Probe  
  155  10:51  Mothership (Chrono Boost)  
  156  11:20  Pylon  
  156  11:22  Pylon  
  156  11:25  Pylon  
  156  11:28  Tempest x2, Probe x2, Phoenix  
  156  11:31  Pylon  
  156  11:32  Pylon  
  170  11:34  Pylon  
  170  11:35  Pylon  
  170  11:36  Pylon  
  170  11:38  Phoenix  
  170  11:39  Probe (Chrono Boost)  
  173  11:41  Probe (Chrono Boost)  
  173  11:42  Assimilator  
  173  11:43  Probe (Chrono Boost)  
  173  11:46  Assimilator  
  175  11:47  Void Ray  
  175  11:51  Probe (Chrono Boost)  
  175  11:53  Probe (Chrono Boost)  
  182  11:56  Probe (Chrono Boost), Pylon  
  182  11:57  Probe (Chrono Boost)  
  182  11:58  Probe (Chrono Boost)  
  184  12:04  Probe, Carrier  
  184  12:05  Void Ray  
  184  12:06  Probe (Chrono Boost)  
  184  12:07  Probe (Chrono Boost)  
  193  12:12  Phoenix  
  193  12:14  Protoss Air Weapons Level 2 (Chrono Boost)  
  199  12:22  Probe (Chrono Boost)  
  191  12:49  Tempest  
  191  12:50  Carrier  
  109  13:14  Tempest x2  
  109  13:20  Probe  
  100  13:29  Stargate  
  100  13:30  Stargate  
  100  13:32  Tempest (Chrono Boost)  
  105  13:51  Tempest (Chrono Boost)  
  105  13:54  Tempest x2 (Chrono Boost)  
  110  14:01  Nexus  
  120  14:06  Photon Cannon  
  120  14:10  Photon Cannon  
  120  14:11  Observer  
  120  14:13  Photon Cannon  
  120  14:16  Photon Cannon  
  126  14:19  Photon Cannon  
  126  14:23  Photon Cannon  
  136  14:30  Nexus  
Show
View Real Time Build Order
Export as new Build Order

Massa Terran 

Build Orders:  

Get SALT Encoding   

  12  0:03  SCV  
  13  0:15  SCV  
  14  0:26  Supply Depot  
  14  0:27  SCV  
  15  0:34  Refinery  
  15  0:48  SCV  
  15  0:49  Barracks  
  16  1:00  Refinery, SCV  
  17  1:36  Reaper  
  18  1:40  Factory  
  18  1:48  Orbital Command  
  18  2:07  Marine  
  19  2:18  SCV  
  20  2:26  Supply Depot  
  20  2:27  Supply Depot  
  20  2:30  SCV  
  21  2:38  Barracks Reactor  
  21  2:45  Starport  
  21  2:49  Widow Mine  
  23  3:07  Command Center  
  23  3:14  Supply Depot  
  23  3:15  Marine  
  23  3:19  Marine  
  25  3:25  Medivac  
  27  3:30  Factory Tech Lab  
  27  3:33  Marine  
  28  3:50  Marine, Siege Tank  
  28  3:51  Marine  
  33  4:12  Liberator  
  33  4:13  Marine x2  
  38  4:28  Barracks  
  38  4:31  Marine x2  
  40  4:37  SCV  
  42  4:40  Orbital Command  
  41  4:54  Marine x2, Siege Tank  
  38  5:11  SCV x2  
  40  5:23  SCV  
  31  6:13  Barracks Tech Lab  
  31  6:17  Widow Mine, Marine x2  
  35  6:19  SCV x2  
  35  6:31  SCV x2, Command Center  
  37  6:35  Marine x2  
  39  6:48  SCV x2  
  41  6:56  Widow Mine  
  41  6:57  Marine x2  
  41  7:00  SCV x2  
  47  7:06  Marauder  
  49  7:12  SCV  
  49  7:14  Refinery, Marine  
  49  7:15  Refinery, Marine  
  47  7:27  Marine  
  48  7:32  Marine x2  
  48  7:33  SCV  
  48  7:34  SCV  
  52  7:43  Orbital Command  
  52  7:45  SCV, Marine  
  52  7:46  SCV  
  55  7:57  SCV, Engineering Bay  
  55  7:58  SCV  
  59  8:06  Armory  
  59  8:09  Starport Reactor  
  59  8:10  SCV x2  
  59  8:11  SCV  
  60  8:17  Cyclone  
  60  8:18  Marine x2  
  65  8:21  Marine, Stimpack  
  65  8:22  SCV x2  
  65  8:23  SCV  
  69  8:33  Terran Infantry Weapons Level 1  
  69  8:34  SCV x2  
  70  8:36  Marine  
  70  8:38  Missile Turret  
  70  8:39  Marine  
  73  8:43  Missile Turret  
  73  8:46  Viking  
  75  8:50  SCV x2  
  77  9:03  Supply Depot  
  77  9:07  Supply Depot  
  77  9:25  SCV x2, Viking x2  
  77  9:28  Thor  
  77  9:29  Orbital Command  
  89  9:32  Marauder  
  89  9:37  SCV x2  
  93  10:00  Combat Shield  
  93  10:14  Supply Depot  
  93  10:17  Supply Depot  
  93  10:20  Supply Depot  
  93  10:35  SCV, Marine, Thor  
  101  10:38  SCV x2, Marine x2, Medivac, Viking  
  109  10:47  SCV  
  110  10:51  SCV x2  
  110  10:56  Marine  
  113  10:59  SCV  
  113  11:01  Command Center  
  114  11:15  Viking  
  116  11:19  Viking  
  116  11:25  Supply Depot  
  117  11:29  Supply Depot  
  117  11:30  Supply Depot  
  117  11:32  Terran Ship Weapons Level 1, Supply Depot  
  117  11:40  Armory  
  117  11:46  Thor  
  117  11:47  Viking  
  125  11:51  SCV x3, Viking  
  130  11:58  Command Center  
  130  12:03  SCV x3  
  130  12:06  Factory  
  133  12:15  SCV x3  
  136  12:17  Viking  
  138  12:27  SCV x3  
  141  12:39  SCV  
  141  12:42  Planetary Fortress  
  142  12:44  SCV x2  
  144  12:51  SCV, Siege Tank  
  144  12:52  Factory Tech Lab  
  144  12:56  SCV  
  141  13:24  Thor x2  
  116  13:42  Marauder, Marine x2  
  116  13:45  Viking x2  
  92  13:57  SCV x4  
  92  14:00  Marine x2  
  98  14:04  Barracks x2, Marauder  
  98  14:06  Factory  
  98  14:08  Starport  
  98  14:09  SCV x4  
  118  14:18  Marine x2  
  88  14:43  Barracks x2  
  88  14:44  Barracks  
Tags
 
Add a new tag
Caveats
  • Supply blocks, unpowered buildings, or Contaminate may cause inaccurate times.
  • Supply counts are checked every 10 seconds.